 Dungeon Crawl Stone Soup version 0.29-a0-338-g1ff7896281 (webtiles) character file.

Game seed: 8198561973820490003

0 spaghetti the Caller (level 1, 0/11 HPs)
             Began as an Octopode Summoner on Apr 18, 2022.
             Slain by a quokka (2 damage)
             ... on level 1 of the Dungeon.
             The game lasted 00:00:13 (35 turns).

spaghetti the Caller (Octopode Summoner)              Turns: 35, Time: 00:00:14

Health: 0/11       AC:  1    Str:  7    XL:     1   Next: 10%
Magic:  0/3        EV: 13    Int: 17    God:
Gold:   0          SH:  0    Dex: 12    Spells: 3/4 levels left

rFire   . . .      SeeInvis .   (no weapon)
rCold   . . .      Faith    .   (no shield)
rNeg    . . .      Spirit   .   (helmet restricted)
rPois   .          Reflect  .   (no amulet)
rElec   .          Harm     .   (no ring)
rCorr   .          Rampage  .   (no ring)
Will    .....                   (no ring)
Stlth   +++.......              (no ring)
HPRegen 0.03/turn               (no ring)
MPRegen 0.08/turn               (no ring)
                                (no ring)
                                (no ring)

@: no status effects
A: almost no armour, amphibious, 8 rings, camouflage 1, gelatinous body 1,
(nimble swimmer 1), tentacles
a: no special abilities


You were on level 1 of the Dungeon.
You visited 1 branch of the dungeon, and saw 1 of its levels.


Innate Abilities, Weirdness & Mutations

You cannot wear most types of armour.
You are amphibious.
You can wear up to eight rings at the same time.
Your skin changes colour to match your surroundings (Stealth+).
Your rubbery body absorbs attacks. (AC +1, EV +1)
((You are camouflaged when in or above water. (Stealth+)))
You have tentacles for arms and can constrict up to eight enemies at once.


   Skills:
 + Level 0.0 Fighting
 + Level 2.0 Dodging
 + Level 2.7 Stealth
 + Level 2.0 Spellcasting
 + Level 4.0 Summonings


You had 3 spell levels left.
You knew the following spells:

 Your Spells              Type           Power      Damage    Failure   Level
a - Summon Small Mammal   Summ           60%        N/A       3%          1

Your spell library contained the following spells:

 Spells                   Type           Power      Damage    Failure   Level
 Call Imp                 Summ           15%        N/A       5%          2
 Call Canine Familiar     Summ           15%        N/A       11%         3
 Summon Guardian Golem    Hex/Summ       8%         N/A       26%         3
 Summon Lightning Spire   Summ/Air       8%         N/A       63%         4

Inventory:

Potions
 a - a potion of magic

Dungeon Overview and Level Annotations

Branches:
Dungeon (1/15)

Altars:

#+# #.#
########.#
..?)..rr@#
.#######.#
#.# ##.##
#8>8#
##.## #.#
#.# #.#


You could see a quokka (ally target) and a friendly quokka (summoned).


Message History

🤖 Initializing magus.rc ...
Options error: Delay interrupt name "hungry" not recognised. (~/.crawlrc:4761) Options error: Bad monster_list_colour key: strict_neutral (~/.crawlrc:4776) ✅ Successfully initialized magus.rc [v1.9.6] Welcome, spaghetti the Octopode Summoner.
Below lies the Orb of Zot, rumoured to be powerful enough to resurrect a god...
Press ? for a list of commands and other information.
Found a staircase leading out of the dungeon.
Found an escape hatch in the floor.
There is an escape hatch in the floor here.
A goblin comes into view. It is wielding a +0 club.
A goblin is nearby!
A goblin is nearby!
Casting: Summon Small Mammal (safe; 3% risk of failure)
Confirm with . or Enter, or press ? or * to list all spells.
😎 MP[-1]
You lost 1 mp, and now have 2/3 mp.
Casting: Summon Small Mammal (safe; 3% risk of failure)
Confirm with . or Enter, or press ? or * to list all spells.
You miscast Summon Small Mammal.
You are very lightly contaminated with residual magic.
Nothing appears to happen. 😎 MP[-1]
You lost 1 mp, and now have 1/3 mp.
Casting: Summon Small Mammal (safe; 3% risk of failure)
Confirm with . or Enter, or press ? or * to list all spells.
😎 MP[-1]
You lost 1 mp, and now have 0/3 mp.
You swap places.
What are your orders? t - Shout!
Orders for allies: a - Attack new target. r - Retreat! s - Stop attacking. g - Guard the area. f - Follow me.
Anything else - Cancel.
You shout for attention!
You hear a shout!
A goblin is nearby!
What are your orders? t - Shout!
Orders for allies: a - Attack new target. r - Retreat! s - Stop attacking. g - Guard the area. f - Follow me.
Anything else - Cancel.
Gang up on whom?
Press: ? - help, Dir - move target, f - goblin
Aim: a goblin, wielding a +0 club Attack!
The goblin hits your rat with a +0 club.
Your rat barely misses the goblin.
Your magical contamination has completely faded away.
Your rat barely misses the goblin.
The goblin closely misses your rat.
A quokka comes into view.
The goblin hits your rat with a +0 club.
Your rat dies!
Your rat's corpse disappears in a puff of smoke!
The goblin hits your quokka with a +0 club.
Your quokka bites the goblin.
The goblin dies! 😎 MP[+1]
What are your orders? t - Shout!
Orders for allies: a - Attack new target. r - Retreat! s - Stop attacking. g - Guard the area. f - Follow me.
Anything else - Cancel.
Gang up on whom?
Press: ? - help, Dir - move target, f - quokka
Aim: a quokka Attack!
Your quokka closely misses the quokka.
The quokka bites your quokka.
Your quokka dies!
Your quokka's corpse disappears in a puff of smoke!
Casting: Summon Small Mammal (safe; 3% risk of failure)
Confirm with . or Enter, or press ? or * to list all spells.
The quokka bites you. 😮 HP[-4] MP[-1]
You take 4 damage, and now have 7/11 hp.
MASSIVE DAMAGE!! (PAUSE)
You lost 1 mp, and now have 0/3 mp.
You tentacle-slap the quokka but do no damage.
Your grab misses the quokka. The quokka bites you.
* * * LOW HITPOINT WARNING * * *
Your quokka barely misses the quokka. 😨 HP[-2]
You take 2 damage, and now have 5/11 hp.
You closely miss the quokka. Your grab misses the quokka. The quokka bites you.
* * * LOW HITPOINT WARNING * * *
Your quokka closely misses the quokka. 😱 HP[-3]
You take 3 damage, and now have 2/11 hp.
MASSIVE DAMAGE!! (PAUSE)
You tentacle-slap the quokka but do no damage.
You grab the quokka. You constrict the quokka. The quokka closely misses you.
Your quokka bites the quokka.
The quokka bites you.
You die...

Action                   || total
-------------------------++-------
Melee: Unarmed           ||     3
       Constrict         ||     1
 Cast: Summon Small Mamm ||     3
Dodge: Dodged            ||     1

Levels and vault maps discovered:
D:1:      lemuel_arrival_cross, layout_basic,
          hellmonk_ecumenical_altar_lost_god, serial_shops, nicolae_square_shop

Notes
Turn   | Place    | Note
-------+----------+-------------------------------------------
     0 | D:1      | spaghetti the Octopode Summoner began the quest for the
                  | Orb.
     0 | D:1      | Reached XP level 1. HP: 11/11 MP: 3/3
     0 | D:1      | magus.rc [v1.9.6]
    34 | D:1      | HP: 2/11 [quokka (3)]
    35 | D:1      | Slain by a quokka

Vanquished Creatures (collateral kills)
  A goblin (D:1)
1 creature vanquished.

Table legend:
 A = Non-vault XP
 B = Vault XP
 C = Vault XP percentage of total XP
 D = Non-vault monster count
 E = Vault monster count
 F = Vault count percentage of total count
                 A         B        C        D         E       F
            +---------+---------+-------+---------+---------+-------
      Total |       1 |       0 |   0.0 |       1 |       0 |   0.0
            +---------+---------+-------+---------+---------+-------
        D:1 |       1 |       0 |   0.0 |       1 |       0 |   0.0
            +---------+---------+-------+---------+---------+-------

Illustrated notes

Table legend:
 A = Kills in this place as a percentage of kills in entire the game.
 B = Kills by you in this place as a percentage of kills by you in the entire game.
 C = Kills by friends in this place as a percentage of kills by friends in the entire game.
 D = Other kills in this place as a percentage of other kills in the entire game.
 E = Experience gained in this place as a percentage of experience gained in the entire game.
 F = Experience gained in this place divided by the number of levels of this place that you have seen.
                   A       B       C       D       E      F
               +-------+-------+-------+-------+-------+----------------------
         Total | 100.0 |   N/A | 100.0 |   N/A | 100.0 |   1.0
       Dungeon | 100.0 |   N/A | 100.0 |   N/A | 100.0 |   1.0
               +-------+-------+-------+-------+-------+----------------------

Table legend: (Time is in decaauts)
 A = Elapsed time spent in this place.
 B = Non-inter-level travel time spent in this place.
 C = Inter-level travel time spent in this place.
 D = Time resting spent in this place.
 E = Time spent auto-exploring this place.
 F = Levels seen in this place.
 G = Mean time per level.
                   A        B        C        D        E       F      G
               +--------+--------+--------+--------+--------+-----+--------+
         Total |     35 |     35 |      0 |      0 |     14 |   1 |   35.0 |
       Dungeon |     35 |     35 |      0 |      0 |     14 |   1 |   35.0 |
               +--------+--------+--------+--------+--------+-----+--------+

Top non-repeatable levels by time:
     D:1: 35 daAuts
